cohdb
Replays
Latest Replays
All Replays
Popular Replays
Top Player Replays
Match Explorer
How It Works
Community
CoH3 Stats
Reddit
Sign in to upload your games and track your stats! →
Sign in with Steam
Match 42630657
Unlisted
Match 42630657
Overview
Messages
Build Orders
End
Panzergrenadier Squad
Kradschützen Motorcycle Team
Panzergrenadier Squad
Construct Light Support Kompanie
Selects Armored Support Battlegroup
Fire Support Elements
MG34 Team
Flakvierling Half-track
Vehicle Survival Package
Selects Veteran Gunners
Selects Salvage Kits
Panzerjäger Mechanized Group
2.5-tonne Medical Truck
Veteran Squad Leaders
Construct Panzerarmee Kommand
Panzer III L Medium Tank
Selects Flammpanzer III Medium Tank
Flak 36 Anti-tank Gun Team
Emergency Repair Kits
Armored Reserves
Panzerpioneer Squad
Rapid Advance
Selects Command Panzer IV F Medium Tank
Tiger Heavy Tank
Tungsten Core Ammunition
Selects Panzer Storm
Advanced Field Repairs
Walking Stuka Rocket Launcher
Panzer Storm
Forward Retreat Point
Panzer IV Assault Group
Selects Stuka Anti-tank Loiter
Panzer III L Medium Tank
Nuts
Von
Nashorn101
jacklean
Joker
jhc0928d
0
0
Comments
sign in to comment!
No comments posted yet!